 Dungeon Crawl Stone Soup version 0.30-a0-509-gd016549fea (webtiles) character file.

Game seed: 11783307300592567035

665 PyroL the Changer (level 7, -3/43 HPs)
             Began as an Octopode Transmuter on Dec 23, 2022.
             Slain by a gnoll
             ... wielding a +0 halberd
              (12 damage)
             ... on level 5 of the Dungeon.
             The game lasted 00:10:44 (4635 turns).

PyroL the Changer (Octopode Transmuter)             Turns: 4635, Time: 00:10:45

Health: -3/43      AC:  2    Str:  9    XL:     7   Next: 57%
Magic:  8/11       EV: 19    Int: 18    God:
Gold:   200        SH:  0    Dex: 17    Spells: 6/12 levels left

rFire   . . .      SeeInvis .      - Unarmed
rCold   . . .      Faith    .    (shield currently unavailable)
rNeg    . . .      Spirit   .    (helmet currently unavailable)
rPois   x          Reflect  .    (no amulet)
rElec   .          Harm     .    (no ring)
rCorr   .          Rampage  .    (no ring)
Will    .....                    (no ring)
Stlth   ++........               (no ring)
HPRegen 0.27/turn                (no ring)
MPRegen 0.12/turn                (no ring)
                                 (no ring)
                                 (no ring)

@: spider-form
A: venomous fangs, almost no armour, (amphibious), 8 rings, tiny, (camouflage
1), (gelatinous body 1), (nimble swimmer 1), (tentacles)
a: End Transformation


You were on level 5 of the Dungeon.
You were a venomous arachnid creature.
You visited 1 branch of the dungeon, and saw 5 of its levels.

You collected 200 gold pieces.

Inventory:

Missiles
 b - 11 poisoned darts
Wands
 q - a wand of acid (6)
Scrolls
 c - a scroll of blinking
 d - 2 scrolls of immolation
 e - 2 scrolls of poison
 g - 2 scrolls of vulnerability
 j - a scroll of fear {unknown}
 l - a scroll of identify
 n - a scroll of magic mapping {unknown}
Potions
 a - 2 potions of lignification
 f - a potion of might
 h - a potion of berserk rage {unknown}
 i - a potion of magic {unknown}
 k - 3 potions of curing
 m - a potion of attraction {unknown}
 o - a potion of haste {unknown}
 p - 2 potions of flight {unknown}


   Skills:
 - Level 1.0 Fighting
 - Level 2.0 Dodging
 + Level 1.5 Stealth
 - Level 5.0 Unarmed Combat
 - Level 3.0 Spellcasting
 - Level 6.0 Transmutations
 - Level 3.0 Poison Magic


You had 6 spell levels left.
You knew the following spells:

 Your Spells              Type           Power      Damage    Failure   Level
a - Beastly Appendage     Tmut           48%        N/A       6%          1
b - Wereblood             Tmut           24%        N/A       8%          2
c - Spider Form           Tmut/Pois      18%        N/A       21%         3

Your spell library contained the following spells:

 Spells                   Type           Power      Damage    Failure   Level
 Gell's Gravitas          Tloc           2%         N/A       65%         3
 Ozocubu's Armour         Ice            2%         N/A       65%         3
 Teleport Other           Tloc           2%         N/A       65%         3
 Ice Form                 Ice/Tmut       13%        N/A       65%         4
 Animate Dead             Necr           2%         N/A       95%         4
 Borgnjor's Vile Clutch   Necr/Erth      1%         N/A       100%        5
 Death Channel            Necr           1%         N/A       100%        6
 Dispersal                Tloc           1%         N/A       100%        6
 Ozocubu's Refrigeration  Ice            1%         4d7       100%        7


Dungeon Overview and Level Annotations

Branches:
Dungeon (5/15)
 Temple: D:4-7

Altars:
Uskayaw

Shops:
D:1 =


Innate Abilities, Weirdness & Mutations

You are a venomous arachnid creature.
You have poisonous fangs.
You are tiny and dextrous.
Your spellcasting is less reliable in this form.
Your armour is entirely melded.
You are incapable of wielding weapons or throwing items.
You cannot wear most types of armour.
((You are amphibious.))
You can wear up to eight rings at the same time.
((Your skin changes colour to match your surroundings (Stealth+).))
((Your rubbery body absorbs attacks. (AC +1, EV +1)))
((You are camouflaged when in or above water. (Stealth+)))
((You have tentacles for arms and can constrict up to eight enemies at once.))


Message History

You barely miss the gnoll.
The gnoll hits you from afar with a +0 spear.
* * * LOW HITPOINT WARNING * * *
The gnoll misses you.
You hit the gnoll but do no damage.
The gnoll is poisoned.
The gnoll barely misses you. The gnoll hits you with a +0 club.
* * * LOW HITPOINT WARNING * * *
You barely miss the gnoll.
The gnoll is moderately wounded.
Your transformation has ended.
The gnoll hits you from afar with a +0 spear.
* * * LOW HITPOINT WARNING * * *
The gnoll misses you. x2
Casting: Wereblood (safe; 1% risk of failure)
Confirm with . or Enter, or press ? or * to list all spells.
You turn into a venomous arachnid creature.
The gnoll closely misses you. x2; The gnoll completely misses you.
You barely miss the gnoll.
The gnoll is moderately wounded.
The gnoll hits you from afar with a +0 spear.
* * * LOW HITPOINT WARNING * * *
The gnoll completely misses you. The gnoll barely misses you.
You barely miss the gnoll.
The gnoll is heavily wounded.
You hiss as the wereblood boils in your veins!
The gnoll closely misses you. x2; The gnoll hits you with a +0 club.
* * * LOW HITPOINT WARNING * * *
Unknown command.
You feel a bit more experienced.
There is a stone staircase leading down here.
You hiss as the wereblood boils in your veins!
You see here 11 gold pieces.
You now have 200 gold pieces (gained 11).
Your primal bloodlust is almost over.
You hiss as the wereblood boils in your veins!
Your primal bloodlust has ended.
Found 10 gold pieces.
The gnoll closely misses you. The gnoll completely misses you.
The gnoll hits you from afar with a +0 halberd!
You die...

........##
.........###
....##.....##
.....##.....##
......##.....###
#..............#
........gg..##
#...........#
.......s....#
.............#
.............#
.$..###......#
... #.....## ..
#..#### . ####


You could see 2 gnolls.

Vanquished Creatures
  Sigmund (D:3)
  2 black bears (D:4)
  2 hounds (D:4)
  2 orc wizards
  2 gnolls (D:5)
  9 adders
  A worm (D:2)
  10 dart slugs
  12 orcs
  11 ball pythons
  4 bats
  5 endoplasms
  A giant cockroach (D:1)
  5 goblins
  9 hobgoblins
  9 jackals
  4 kobolds
  3 quokkas
  7 frilled lizards
  3 rats
102 creatures vanquished.

Notes
Turn   | Place    | Note
-------+----------+-------------------------------------------
     0 | D:1      | PyroL the Octopode Transmuter began the quest for the Orb.
     0 | D:1      | Reached XP level 1. HP: 13/13 MP: 3/3
     6 | D:1      | Found Arhazeto's Jewellery Shoppe.
    54 | D:1      | Reached skill level 1 in Poison Magic
    59 | D:1      | Reached XP level 2. HP: 8/18 MP: 5/5
  1032 | D:2      | Learned a level 2 spell: Wereblood
  1095 | D:2      | Reached XP level 3. HP: 23/23 MP: 3/6
  1199 | D:2      | Reached skill level 3 in Transmutations
  1258 | D:2      | Found a faded altar of an unknown god.
  1634 | D:2      | Reached XP level 4. HP: 28/28 MP: 5/7
  2210 | D:3      | Noticed Sigmund
  2266 | D:3      | Learned a level 3 spell: Spider Form
  2852 | D:3      | Reached skill level 4 in Transmutations
  2878 | D:3      | Reached XP level 5. HP: 27/33 MP: 3/8
  3275 | D:4      | Noticed a black bear
  3286 | D:4      | Killed a black bear
  3287 | D:4      | Reached skill level 5 in Transmutations
  3287 | D:4      | Reached XP level 6. HP: 32/38 MP: 3/9
  3345 | D:4      | Noticed a +0 dagger
  3346 | D:4      | Noticed a +0 short sword
  3346 | D:4      | Noticed a +0 spear
  3346 | D:4      | Noticed a +0 falchion
  3346 | D:4      | Noticed a +0 spear
  3347 | D:4      | Noticed a +0 falchion
  3347 | D:4      | Noticed a +0 dagger
  3348 | D:4      | Noticed a +0 short sword
  3353 | D:4      | Found a hide-covered altar of Uskayaw.
  3607 | D:4      | Reached skill level 6 in Transmutations
  3774 | D:4      | Noticed a black bear
  3791 | D:4      | Killed a black bear
  3792 | D:4      | Reached XP level 7. HP: 24/43 MP: 7/11
  4416 | D:3      | Killed Sigmund
  4446 | D:5      | Entered Level 5 of the Dungeon
  4486 | D:5      | Reached skill level 5 in Unarmed Combat
  4603 | D:5      | Reached skill level 1 in Stealth
  4635 | D:5      | Slain by a gnoll

Illustrated notes

Levels and vault maps discovered:
D:1:      lightli_arrival_chessboard, layout_basic, serial_shops, shop
D:2:      layout_basic, nicolae_ecumenical_snake_handling, serial_curves,
          eino_curves_03, eino_curves_02, minmay_pentomino_q4
D:3:      layout_rooms, uniq_sigmund
D:4:      kennysheep_slugbush, layout_loops_ring, nicolae_uskayaw_en_pointe,
          hangedman_abyss_or_decor_passed, corexii_hall_statues_l
D:5:      layout_cave_pools

Skill      XL: |  1  2  3  4  5  6  7 |
---------------+----------------------+-----
Poison Magic   | 1 2 3 |  3.0
Transmutations | 3 4 5 6 |  6.0
Spellcasting   | 3 |  3.0
Unarmed Combat | 5 |  5.0
Stealth        | 1 |  1.5
Fighting       | |  1.0
Dodging        | |  2.0

Action                   |  1- 3 |  4- 6 |  7- 9 || total
-------------------------+-------+-------+-------++-------
Melee: Unarmed           |    70 |   145 |    45 ||   260
       Constrict         |    22 |    20 |     2 ||    44
       Kick              |    25 |    22 |     2 ||    49
       Tentacles         |    10 |    13 |     2 ||    25
       Punch             |     2 |       |       ||     2
 Cast: Beastly Appendage |    22 |    22 |     4 ||    48
       Wereblood         |     3 |     6 |     2 ||    11
       Spider Form       |       |    10 |     6 ||    16
  Use: Scroll            |     2 |     4 |       ||     6
 Stab: Sleeping          |     5 |     2 |     1 ||     8
Armor: Skin              |     5 |    13 |     2 ||    20
Dodge: Dodged            |    39 |   127 |    55 ||   221

Table legend: (Time is in decaauts)
 A = Elapsed time spent in this place.
 B = Non-inter-level travel time spent in this place.
 C = Inter-level travel time spent in this place.
 D = Time resting spent in this place.
 E = Time spent auto-exploring this place.
 F = Levels seen in this place.
 G = Mean time per level.
                   A        B        C        D        E       F      G
               +--------+--------+--------+--------+--------+-----+--------+
         Total |   4628 |   4411 |    217 |    564 |   3005 |   5 |  925.6 |
       Dungeon |   4628 |   4411 |    217 |    564 |   3005 |   5 |  925.6 |
               +--------+--------+--------+--------+--------+-----+--------+

Top non-repeatable levels by time:
     D:2: 1424 daAuts
     D:4: 1090 daAuts
     D:1: 1085 daAuts
     D:3: 840 daAuts
     D:5: 187 daAuts
